 Dungeon Crawl Stone Soup version 0.21.1-1-g345015fe64 (webtiles) character file.

688 Gargoyl the Skirmisher (level 7, -3/60 HPs)
             Began as a Centaur Abyssal Knight on May 5, 2018.
             Was a Priest of Lugonu.
             Slain by an ogre
             ... wielding a +0 giant club
              (13 damage)
             ... on level 4 of the Dungeon.
             The game lasted 00:09:47 (5591 turns).

Gargoyl the Skirmisher (Centaur Abyssal Knight)     Turns: 5591, Time: 00:09:48

Health: -3/60      AC:  9    Str: 13      XL:     7   Next: 36%
Magic:  9/9        EV:  2    Int:  8 (11) God:    Lugonu [***...]
Gold:   358        SH:  0    Dex:  9 (10) Spells: 6/6 levels left

rFire    . . .     SeeInvis .   d - +2 hand axe (drain)
rCold    . . .     Gourm    .   (no shield)
rNeg     . . .     Faith    .   k - +0 plate armour
rPois    .         Spirit   .   (no helmet)
rElec    .         Reflect  .   (no cloak)
rCorr    .         Harm     .   (no gloves)
MR       .....                  (no barding)
Stlth    ..........             (no amulet)
HPRegen  0.20/turn              (no ring)
MPRegen  0.11/turn              (no ring)

@: very quick
A: large, hooves 3, deformed body, speed 2, low mp 1, tough skin 3, [weak 1],
[MP-powered wands]
a: Depart the Abyss, Bend Space, Banish, Renounce Religion


You were on level 4 of the Dungeon.
You worshipped Lugonu.
Lugonu was most pleased with you.
You were hungry.

You visited 1 branch of the dungeon, and saw 4 of its levels.
You visited the Abyss 1 time.

You collected 358 gold pieces.

Inventory:

Hand Weapons
 a - a +1 hand axe
 d - a +2 hand axe of draining (weapon)
Armour
 k - a +0 plate armour (worn)
Scrolls
 b - 2 scrolls of teleportation
 g - 4 scrolls of magic mapping
 i - 3 scrolls of identify
 j - 3 scrolls of remove curse
 q - a scroll of enchant armour {unknown}
Potions
 e - 3 potions of curing
 f - a potion of cancellation
 l - 2 potions of flight {unknown}
 m - a potion of might {unknown}
 n - a potion of heal wounds {unknown}
 o - a potion of haste
 p - a potion of agility {unknown}
Comestibles
 c - 3 rations


   Skills:
 + Level 4.4 Fighting
 + Level 3.8 Axes
 * Level 4.1 Armour
 + Level 1.2 Dodging
 * Level 4.0 Invocations


You had 6 spell levels left.
You didn't know any spells.

Dungeon Overview and Level Annotations

Branches:
Dungeon (4/15)             Temple (0/1) D:4

Altars:
Gozag
Zin


Innate Abilities, Weirdness & Mutations

You have hooves in place of feet.
Armour fits poorly on your strangely shaped body.
You cover ground very quickly.
You have extremely tough skin. (AC +3)
Your magical capacity is low. (-10% MP)
[You are weak. (Str -2)]
[You expend magic power (3 MP) to strengthen your wands.]


Message History

You throw a tomahawk. The tomahawk hits the ogre.
The ogre is moderately wounded.
The ogre hits you with a giant club!
You hit the ogre but do no damage. You drain the ogre!
The ogre is moderately wounded.
You hit the ogre but do no damage. You drain the ogre! You kick the ogre.
The ogre is heavily wounded.
The ogre hits you with a giant club!
You hit the ogre.
The ogre is severely wounded.
The ogre hits you with a giant club!
* * * LOW HITPOINT WARNING * * *
You barely miss the ogre.
The ogre is severely wounded.
The ogre hits you with a giant club.
* * * LOW HITPOINT WARNING * * *
You closely miss the ogre.
The ogre is severely wounded.
The ogre hits you with a giant club!
You die...

#..........#
##...########
...#.# ### .###.#
#.. ####.## #(#
###...##########(#
≈≈≈≈≈≈≈.).......%#
≈≈≈≈≈#≈.........O##
≈###≈#≈.........@.#
≈≈≈≈≈#≈...........#
≈≈≈≈≈≈≈...........#
..................#
###...............#
#...............#
##.............##
##.....#.....##
#############


You could see an ogre.

Vanquished Creatures
  2 ogres (D:4)
  A big kobold (D:3)
  A howler monkey (D:4)
  A bullfrog zombie (D:3)
  2 orc priests (D:3)
  A centaur skeleton (D:4)
  A worker ant (D:4)
  9 gnolls (D:3)
  3 adders
  An ooze (D:1)
  2 worms (D:4)
  2 leopard geckos
  6 orcs (D:3)
  10 bats
  4 giant cockroaches
  31 goblins
  27 hobgoblins
  10 jackals
  5 frilled lizards
  10 kobolds
  12 rats
141 creatures vanquished.

Notes
Turn   | Place    | Note
-------+----------+-------------------------------------------
     0 | Abyss:1  | Gargoyl the Centaur Abyssal Knight began the quest for the Orb.
     0 | Abyss:1  | Reached XP level 1. HP: 19/19 MP: 2/2
    37 | Abyss:1  | Noticed a wretched star
    40 | Abyss:1  | Noticed a neqoxec
    46 | Abyss:1  | Gained mutation: Your magical capacity is low. (-10% MP) [a neqoxec]
    50 | Abyss:1  | Noticed a quasit
    50 | Abyss:1  | Noticed an iron imp
    52 | Abyss:1  | Noticed a large abomination
    62 | Abyss:1  | Noticed an ancient zyme
    72 | Abyss:1  | Noticed a smoke demon
    77 | Abyss:1  | Noticed a smoke demon
    80 | D:1      | Escaped the Abyss
   514 | D:1      | Reached * piety under Lugonu
   518 | D:1      | Reached skill level 1 in Dodging
   518 | D:1      | Reached XP level 2. HP: 25/26 MP: 3/3
   742 | D:1      | Reached XP level 3. HP: 22/31 MP: 4/4
  1419 | D:2      | Found a faded altar of an unknown god.
  1789 | D:2      | Reached XP level 4. HP: 40/40 MP: 5/5
  2050 | D:3      | Reached ** piety under Lugonu
  2773 | D:3      | Reached XP level 5. HP: 46/46 MP: 6/6
  3416 | D:3      | Reached XP level 6. HP: 41/52 MP: 7/7
  4166 | D:3      | Reached *** piety under Lugonu
  5135 | D:4      | Reached XP level 7. HP: 55/59 MP: 8/8
  5377 | D:4      | Found a staircase to the Ecumenical Temple.
  5500 | D:4      | Found a glowing silver altar of Zin.
  5501 | D:4      | Found an opulent altar of Gozag.
  5591 | D:4      | Slain by an ogre

Skill      XL: |  1  2  3  4  5  6  7 |
---------------+----------------------+-----
Dodging        | 1 |  1.2
Axes           | 2 3 |  3.8
Armour         | 2 3 4 |  4.1
Invocations    | 3 4 |  4.0
Fighting       | 4 |  4.4

Action                   |  1- 3 |  4- 6 |  7- 9 || total
-------------------------+-------+-------+-------++-------
Melee: Hand axe          |   111 |   197 |    35 ||   343
       Kick              |    14 |    39 |     8 ||    61
Throw: Tomahawk          |       |       |     2 ||     2
Invok: Depart the Abyss  |     1 |       |       ||     1
  Use: Scroll            |     5 |     6 |       ||    11
       Potion            |       |     2 |       ||     2
  Eat: Ration            |     1 |     2 |       ||     3
       Chunk             |     1 |     1 |       ||     2
Armor: Leather armour    |    41 |       |       ||    41
       Plate armour      |    68 |   195 |    11 ||   274
Dodge: Dodged            |    46 |    12 |     4 ||    62
